 Dungeon Crawl Stone Soup version 0.21.0-3-g78d12a8 (webtiles) character file.

3277 Faca the Carver (level 10, -9/79 HPs)
             Began as a Formicid Fighter on Jan 10, 2018.
             Mangled by a manticore (16 damage)
             ... on level 8 of the Dungeon.
             The game lasted 00:17:03 (8345 turns).

Faca the Carver (Formicid Fighter)                  Turns: 8345, Time: 00:17:04

Health: -9/79      AC: 16    Str: 22    XL:     10   Next: 20%
Magic:  10/10      EV:  6    Int:  8    God:
Gold:   364        SH: 12    Dex: 12    Spells: 9/9 levels left

rFire    . . .     SeeInvis +   a - +1 long sword
rCold    + . .     Gourm    .   c - +1 shield
rNeg     . . .     Faith    .   C - +0 plate armour
rPois    .         Spirit   .   (helmet unavailable)
rElec    .         Reflect  .   y - +0 cloak
rCorr    .         Harm     .   B - +0 pair of gloves (curse)
MR       +....                  (no boots)
Stlth    ..........             (no amulet)
HPRegen  0.23/turn              t - ring of protection from cold
MPRegen  0.12/turn              (no ring)

@: barbed spikes
A: permanent stasis, dig shafts and tunnels, four strong arms, antennae 3
a: Dig, Shaft Self


You were on level 8 of the Dungeon.
You were not hungry.

You visited 1 branch of the dungeon, and saw 8 of its levels.

You collected 364 gold pieces.

Inventory:

Hand Weapons
 a - a +1 long sword (weapon)
 v - the +4 dagger of Faca's Bloody Death {freeze, rPois Str+4 Dex+2 SInv}
   (You found it on level 5 of the Dungeon)

   It has been specially enchanted to freeze those struck by it, causing extra
   injury to most foes and up to half again as much damage against particularly
   susceptible opponents.
   It can also slow down cold-blooded creatures.
   It affects your strength (+4).
   It affects your dexterity (+2).
   It protects you from poison.
   It lets you see invisible.
Armour
 c - a +1 shield (worn)
 y - a +0 cloak (worn)
 B - a cursed +0 pair of gloves (worn)
 C - a +0 plate armour (worn)
Jewellery
 t - a ring of protection from cold (left hand)
Wands
 w - a wand of digging (17)
 x - a wand of disintegration (8)
 E - a wand of acid (7)
Scrolls
 h - 2 scrolls of remove curse
 j - 2 scrolls of fog
 l - a scroll of fear
 n - a scroll of teleportation
 r - a scroll of immolation
 s - a scroll of enchant armour
Potions
 d - a potion of might
 e - a potion of ambrosia
 g - a potion of brilliance
 i - 2 potions of lignification {unknown}
 k - a potion of heal wounds {unknown}
 o - a potion of curing
 p - 2 potions of resistance
 z - a potion of agility {unknown}
 A - a potion of cancellation {unknown}
 D - a potion of haste {unknown}
 H - a potion of invisibility {unknown}
Comestibles
 f - 9 rations


   Skills:
 + Level 7.5 Fighting
 * Level 9.0 Long Blades
 + Level 7.5 Armour
 + Level 8.2 Shields


You had 9 spell levels left.
You didn't know any spells.

Dungeon Overview and Level Annotations

Branches:
Dungeon (8/15)
 Temple: D:4-7         Lair: D:8-11

Altars:
Dithmenos
Fedhas
Hepliaklqana
Nemelex Xobeh
Sif Muna
Trog
Yredelemnul
Zin
The Shining One

Shops:
D:6 }

Annotations:
D:8 Prince Ribbit


Innate Abilities, Weirdness & Mutations

You cannot be hasted, slowed, berserked, paralysed or teleported.
You can dig through walls and to a lower floor.
Your four strong arms can wield two-handed weapons with a shield.
You have a pair of large antennae on your head. (SInv)


Message History

You slash the manticore!
The manticore is almost dead.
Prince Ribbit casts a spell.
Prince Ribbit looks slightly unstable.
The manticore bites you!
The manticore claws you but does no damage.
You block the manticore's attack.
You slash the manticore!
The manticore is almost dead.
You block the manticore's attack. x2; The manticore claws you.
* * * LOW HITPOINT WARNING * * *
You hit the manticore but do no damage.
The manticore is almost dead.
The manticore bites you!
* * * LOW HITPOINT WARNING * * *
You block the manticore's attack.
The manticore claws you but does no damage.
You hit the manticore but do no damage.
The manticore is almost dead.
Prince Ribbit disappears!
The manticore bites you!
You die...

##. ... .#.$...
.........
####.......... #.).
..#...... ##########.#
#?.......
#..........####........
#(......(..@H.........
#...<.............####.
#...)..÷...............
#.................####.
#.................#
#..........§......#
#.................#
#.....>...........#
#.................#


You could see a manticore.

Vanquished Creatures
  Pikel (D:7)
  Grinder (D:6)
  Eustachio (D:5)
  Purgy (D:3)
  A slave (D:7)
  An orc warrior (D:5)
  2 sky beasts (D:7)
  A necrophage (D:7)
  3 ogres
  A centaur (D:3)
  5 bullfrogs
  A gnoll sergeant (D:5)
  A wyvern zombie (D:8)
  A wyvern skeleton (D:7)
  A scorpion (D:7)
  The ghost of isock the Chiller, a weakling GnWn (D:3)
  3 crimson imps
  2 quasits
  A jelly (D:8)
  2 hounds (D:6)
  3 orc priests
  4 bullfrog skeletons
  4 worker ants
  Ijyb (D:3)
  4 iguanas
  4 orc wizards
  A hound skeleton (D:5)
  A worker ant zombie (D:7)
  6 gnolls
  12 adders
  2 shadow imps
  An ooze (D:4)
  An adder zombie (D:7)
  2 worms (D:2)
  2 dart slugs
  3 leopard geckos
  21 orcs
  3 ball pythons
  10 bats
  4 giant cockroaches
  11 goblins
  5 hobgoblins
  6 jackals
  6 quokkas
  3 frilled lizards
  3 kobolds
  2 leopard gecko zombies
  A quokka skeleton (D:6)
  6 rats
163 creatures vanquished.

Notes
Turn   | Place    | Note
-------+----------+-------------------------------------------
     0 | D:1      | Faca the Formicid Fighter began the quest for the Orb.
     0 | D:1      | Reached XP level 1. HP: 18/18 MP: 1/1
    85 | D:1      | Reached XP level 2. HP: 21/24 MP: 2/2
   592 | D:2      | Reached XP level 3. HP: 20/29 MP: 3/3
   889 | D:2      | Reached XP level 4. HP: 25/37 MP: 4/4
  1039 | D:2      | Reached skill level 3 in Long Blades
  1723 | D:3      | Reached XP level 5. HP: 42/42 MP: 5/5
  1771 | D:3      | Found a blossoming altar of Fedhas.
  2012 | D:3      | Noticed a centaur
  2022 | D:3      | Killed a centaur
  2022 | D:3      | Reached XP level 6. HP: 28/48 MP: 6/6
  2370 | D:3      | Reached skill level 4 in Long Blades
  2409 | D:3      | Noticed Ijyb
  2441 | D:3      | Killed Ijyb
  2707 | D:3      | Noticed Purgy
  2735 | D:3      | Killed Purgy
  2890 | D:3      | Reached skill level 5 in Shields
  2890 | D:3      | Reached XP level 7. HP: 16/55 MP: 7/7
  3431 | D:3      | Noticed isock's ghost (weakling GnWn)
  3443 | D:3      | Killed isock's ghost
  3501 | D:4      | Reached skill level 5 in Long Blades
  3633 | D:4      | Reached skill level 5 in Fighting
  3633 | D:4      | Reached skill level 5 in Armour
  3773 | D:4      | Found a shadowy altar of Dithmenos.
  3982 | D:4      | Found a sparkling altar of Nemelex Xobeh.
  4215 | D:5      | Entered Level 5 of the Dungeon
  4298 | D:5      | Got a transparent dagger
  4299 | D:5      | Identified the +4 dagger of Faca's Bloody Death {freeze, rPois Str+4 Dex+2 SInv} (You found it on level 5 of the Dungeon)
  4595 | D:5      | Found a glowing silver altar of Zin.
  4606 | D:5      | Reached XP level 8. HP: 60/62 MP: 8/8
  4628 | D:5      | Noticed Eustachio
  4664 | D:5      | Killed Eustachio
  4664 | D:5      | Reached skill level 6 in Long Blades
  4966 | D:5      | Found a deep blue altar of Sif Muna.
  5068 | D:5      | Found a hazy altar of Hepliaklqana.
  5116 | D:5      | Found a glowing golden altar of the Shining One.
  5121 | D:5      | Found a basalt altar of Yredelemnul.
  5123 | D:5      | Noticed a profane servitor
  5133 | D:5      | Noticed an angel
  5767 | D:6      | Found Tatoroeg's Gadget Shoppe.
  5776 | D:6      | Noticed Grinder
  5808 | D:6      | Killed Grinder
  6120 | D:5      | Reached XP level 9. HP: 41/69 MP: 9/9
  6283 | D:5      | Reached skill level 7 in Long Blades
  6345 | D:6      | Found a bloodstained altar of Trog.
  7324 | D:7      | Noticed Pikel
  7346 | D:7      | Killed Pikel
  7346 | D:7      | Reached skill level 8 in Long Blades
  7485 | D:7      | Noticed Prince Ribbit
  7728 | D:7      | Reached XP level 10. HP: 75/79 MP: 10/10
  8247 | D:8      | Reached skill level 9 in Long Blades
  8323 | D:8      | Noticed a manticore
  8345 | D:8      | Mangled by a manticore

Skill      XL: |  1  2  3  4  5  6  7  8  9 10 |
---------------+-------------------------------+-----
Shields        | 4 5 6 7 8 |  8.2
Long Blades    | 3 4 5 6 8 9 |  9.0
Armour         | 4 5 6 7 |  7.5
Fighting       | 4 5 6 7 |  7.5

Action                   |  1- 3 |  4- 6 |  7- 9 | 10-12 || total
-------------------------+-------+-------+-------+-------++-------
Melee: Long sword        |    74 |   187 |   524 |   112 ||   897
 Fire: Hunting sling     |       |     4 |       |       ||     4
 Abil: Dig               |       |     1 |     1 |       ||     2
  Use: Scroll            |     3 |       |     5 |     6 ||    14
       Potion            |       |     1 |     1 |       ||     2
  Eat: Ration            |       |     2 |     4 |     1 ||     7
       Chunk             |       |     1 |     2 |       ||     3
Armor: Scale mail        |    36 |    71 |   164 |       ||   271
       Plate armour      |       |       |    75 |    48 ||   123
Dodge: Dodged            |    21 |    74 |   169 |    22 ||   286
Block: Shield            |    37 |   108 |   294 |    69 ||   508
       Rpst.: Long sword |     6 |    13 |    40 |     4 ||    63
